 Dungeon Crawl Stone Soup version 0.19-a0-823-gd955774 (webtiles) character file.

67925 Moz the Impaler (level 15, -2/126 HPs)
             Began as a Formicid Fighter on June 29, 2016.
             Was the Champion of Okawaru.
             Shot with an arrow by a naga sharpshooter (26 damage)
             ... on level 1 of the Snake Pit.
             The game lasted 01:28:34 (16306 turns).

Moz the Impaler (Formicid Fighter)                 Turns: 16306, Time: 01:28:35

Health: -2/126     AC: 26    Str: 27    XL:     15   Next: 68%
Magic:  13/18      EV: 10    Int:  9    God:    Okawaru [******]
Gold:   1268       SH: 16    Dex:  8    Spells: 2 memorised, 10 levels left

rFire  + . .     SeeInvis +     a - +2 glaive (flame)
rCold  . . .     Gourm    .     o - +1 plate armour of Mumblety Peg {rElec rF+ rN+}
rNeg   + . .     Faith    .     c - +0 shield
rPois  +         Spirit   .     (helmet unavailable)
rElec  +         Dismiss  .     D - +2 cloak
rCorr  .         Reflect  .     j - +0 pair of gloves
SustAt .         Harm     +     t - +0 pair of boots
MR     +....                    x - amulet of harm
Stlth  ..........               E - +3 ring of strength
                                F - +4 ring of slaying

@: heroism, finesse, somewhat resistant to hostile enchantments, extremely
unstealthy
A: permanent stasis, dig shafts and tunnels, four strong arms, antennae 3,
hooves 1, icy blue scales 1, blurry vision 1, clumsy 2, poison resistance,
sturdy frame 1
a: Dig, Shaft Self, Heroism, Finesse, Renounce Religion


You were on level 1 of the Snake Pit.
You worshipped Okawaru.
Okawaru was exalted by your worship.
You were hungry.

You visited 5 branches of the dungeon, and saw 20 of its levels.
You also visited: Labyrinth and Volcano.

You collected 2112 gold pieces.
You spent 844 gold pieces at shops.

Inventory:

Hand Weapons
 a - a +2 glaive of flaming (weapon)
 b - a +2 triple crossbow of velocity
 s - a +2 trident of freezing
 J - a +0 bardiche
Missiles
 L - 58 bolts
Armour
 c - a +0 shield (worn)
 j - a +0 pair of gloves (worn)
 o - the +1 plate armour of Mumblety Peg (worn) {rElec rF+ rN+}
   (You found it on level 8 of the Dungeon)

   It protects you from fire.
   It insulates you from electricity.
   It protects you from negative energy.
 t - a +0 pair of boots (worn)
 D - a +2 cloak (worn)
Jewellery
 d - an uncursed ring of ice
 e - an uncursed ring of poison resistance
 w - an uncursed ring of positive energy
 x - an amulet of harm (around neck)
 y - an uncursed ring of flight
 E - a +3 ring of strength (right hand)
 F - a +4 ring of slaying (left hand)
 K - an uncursed ring of resist corrosion
Wands
 z - a wand of lightning (10/15)
 H - a wand of iceblast (13/15)
Scrolls
 g - a scroll of identify
 i - a scroll of magic mapping
 l - 5 scrolls of enchant weapon
 n - 2 scrolls of fear
 p - 9 scrolls of remove curse
 v - a scroll of holy word
 A - 2 scrolls of fog
 B - 3 scrolls of enchant armour
 G - a scroll of torment
 M - a scroll of recharging
Potions
 q - a potion of agility
 r - 2 potions of curing
 u - a potion of resistance
 C - 2 potions of cure mutation
 I - a potion of might
 N - a potion of flight
Miscellaneous
 h - a phantom mirror
Comestibles
 f - 8 bread rations
 k - 3 meat rations
 m - 21 fruits


   Skills:
 + Level 14.2(19.2) Fighting
 - Level 16.0(21.0) Polearms
 + Level 10.9(15.9) Armour
 - Level 15.1(20.1) Shields
 - Level 4.2 Invocations


You had 10 spell levels left.
You knew the following spells:

 Your Spells              Type           Power        Failure   Level  Hunger
a - Beastly Appendage     Tmut           #.....       98%         1    ##.....
b - Regeneration          Chrm/Necr      #.........   100%        3    ####...


Dungeon Overview and Level Annotations

Branches:
Dungeon (10/15)            Temple (1/1) D:5            Lair (6/6) D:10
  Swamp (0/4) Lair:4        Snake (1/4) Lair:2        Slime (0/5) Lair:6
    Orc (2/2) D:9             Elf (0/3) Orc:2

Altars:
Ashenzari
Cheibriados
Dithmenos
Elyvilon
Fedhas
Gozag
Hepliaklqana
Kikubaaqudgha
Makhleb
Nemelex Xobeh
Okawaru
Pakellas
Qazlal
Ru
Sif Muna
Trog
Uskayaw
Vehumet
Xom
Yredelemnul
Zin
The Shining One
Beogh

Shops:
D:7 *   D:8 !   Orc:2 :(*[   Snake:1 =}

Annotations:
D:7 exclusion: statue
Lair:6 exclusion: oklob plant


Innate Abilities, Weirdness & Mutations

You are under a permanent stasis effect.
You can dig through walls and to a lower floor.
Your four strong arms can wield two-handed weapons with a shield.
You have a pair of large antennae on your head. (SInv)
You have large cloven feet.
You are partially covered in icy blue scales. (AC +1)
Scrolls take you a little longer to read.
You are very clumsy. (Dex -4)
Your system is resistant to poisons. (rPois)
Your movements are slightly less encumbered by armour. (ER -2)


Message History

The anaconda is heavily wounded.
Attack whom?
Press: ? - help, Dir - move target cursor, f/p - anaconda
Aim: an anaconda (heavily wounded, constricting you)
You slice the anaconda!! You burn the anaconda.
The anaconda is almost dead.
The anaconda bites you but does no damage.
* * * LOW HITPOINT WARNING * * *
The anaconda constricts you.
Attack whom?
Press: ? - help, Dir - move target cursor, f/p - anaconda
Aim: an anaconda (almost dead, constricting you)
You slice the anaconda!! You burn the anaconda.
You kill the anaconda!
Okawaru accepts your kill.
You see here an anaconda corpse.
The naga sharpshooter unwields an uncursed battleaxe.
The naga sharpshooter wields a longbow.
The naga sharpshooter shoots an arrow.
The arrow hits you!!
You die...

#....#...# ###...#.......
####.#...####..N§§..{.#...
#.....##....§§#{..^{...
##.....#...##§#.{.###.#
###..........##§##### #.#
#..........####§# #.#
#####...##...##)# #..
#....##...#.##.# ###
#.####.@###.##†# # ####.#
##.## #....# # #....#
#..#######..#
###...)###....# #..#
#.....)).#....# #..#
#....###....>.# #..#
#....# ##..#### #.##
##...# #..# #.# ##### #.>#
.#


You could see a naga sharpshooter.

Vanquished Creatures
  Gastronok (Lair:3)
  An orc warlord (Orc:2)
  A mottled draconian (Volcano)
  Josephine (Lair:4)
  A minotaur (Lab)
  2 naga warriors (Snake:1)
  2 hydras
  4 anacondas (Snake:1)
  6 death yaks (Lair:6)
  A shock serpent (Snake:1)
  2 orc high priests
  A naga sharpshooter (Snake:1)
  A naga ritualist (Snake:1)
  5 orc knights
  Pikel (D:4)
  A hill giant (D:10)
  A deep elf mage (Volcano)
  A mana viper (Snake:1)
  A griffon (Lair:2)
  5 orc sorcerers
  5 elephants (Lair:6)
  A salamander (Snake:1)
  2 centaur zombies (D:10)
  2 molten gargoyles (Volcano)
  3 naga magi (Snake:1)
  13 black mambas
  22 spiny frogs
  A rime drake (Lair:3)
  7 komodo dragons
  2 two-headed ogres (Volcano)
  5 trolls
  6 giant leeches
  A polar bear (Lair:3)
  7 blink frogs
  2 slime creatures (Lair:6)
  25 yaks
  6 hippogriffs
  4 fire bats
  A fire elemental (Lair:2)
  2 hungry ghosts (D:9)
  3 wraiths (Lair:4)
  2 basilisks
  7 vampire mosquitoes
  4 wargs
  11 nagas (Snake:1)
  9 swamp worms (Lair:1)
  A soldier ant (D:8)
  21 water moccasins
  A porcupine (Lair:4)
  25 orc warriors
  A sky beast (D:5)
  An ice beast (D:10)
  2 phantoms
  2 wasps (D:8)
  7 ogres
  12 wolves
  6 centaurs
  7 crocodiles
  2 big kobolds (D:7)
  24 giant frogs
  3 scorpions
  7 killer bees
  6 wights (D:9)
  3 howler monkeys
  5 electric eels
  A crimson imp (D:6)
  3 giant frog zombies
  6 lava snakes
  A quasit (D:10)
  4 jellies
  21 orc priests
  7 hounds
  21 orc wizards
  A centaur skeleton (D:6)
  9 iguanas
  Natasha (twice) (D:4)
  11 worker ants
  21 sheep
  2 hound skeletons
  A hound zombie (D:6)
  A worker ant zombie (D:5)
  13 adders
  31 river rats
  A shadow imp (D:10)
  2 oozes
  An adder zombie (D:8)
  15 worms
  2 dart slugs (D:2)
  4 giant geckos
  74 orcs
  A ball python (D:3)
  4 giant cockroaches
  6 goblins
  4 hobgoblins
  12 jackals
  17 kobolds
  2 quokkas
  5 bats
  6 giant newts
  A jackal skeleton (D:5)
  7 rats
  A plant (Lair:1)
649 creatures vanquished.

Vanquished Creatures (others)
  A slave (D:4)
  An orc wizard (Orc:1)
  Natasha (D:4)
  An orc (Orc:2)
  A hobgoblin (D:2)
  A giant newt (D:4)
  7 fungi
  19 plants
32 creatures vanquished.

Grand Total: 681 creatures vanquished

Notes
Turn   | Place    | Note
--------------------------------------------------------------
     0 | D:1      | Moz the Formicid Fighter began the quest for the Orb.
     0 | D:1      | Reached XP level 1. HP: 18/18 MP: 1/1
   100 | D:1      | Reached XP level 2. HP: 19/24 MP: 2/2
   456 | D:2      | Reached skill level 3 in Polearms
   456 | D:2      | Reached XP level 3. HP: 10/29 MP: 3/3
   632 | D:2      | Found a hide-covered altar of Uskayaw.
   678 | D:2      | Reached XP level 4. HP: 26/35 MP: 4/4
   749 | D:2      | Found a snail-covered altar of Cheibriados.
  1093 | D:3      | Noticed an ogre
  1332 | D:4      | Reached skill level 4 in Polearms
  1332 | D:4      | Reached skill level 5 in Shields
  1332 | D:4      | Reached XP level 5. HP: 37/41 MP: 5/5
  1370 | D:4      | Noticed a slave
  1371 | D:4      | Noticed a slave
  1371 | D:4      | Noticed Pikel
  1372 | D:4      | Noticed a slave
  1374 | D:4      | Noticed a slave
  1409 | D:4      | Killed Pikel
  1409 | D:4      | Reached skill level 6 in Polearms
  1409 | D:4      | Reached XP level 6. HP: 21/47 MP: 6/6
  1409 | D:4      | Reached XP level 7. HP: 24/52 MP: 7/7
  1688 | D:5      | Entered Level 5 of the Dungeon
  1985 | D:5      | Reached skill level 7 in Polearms
  1985 | D:5      | Reached XP level 8. HP: 42/58 MP: 8/8
  2143 | D:5      | Found a staircase to the Ecumenical Temple.
  2187 | Temple   | Entered the Ecumenical Temple
  2544 | D:6      | Reached skill level 8 in Polearms
  2754 | D:6      | You fall through a shaft for 3 floors!
  2990 | D:9      | Found a glowing silver altar of Zin.
  3024 | D:9      | Gained mutation: You are weak. (Str -2) [potion of mutation]
  3024 | D:9      | Gained mutation: Scrolls take you a little longer to read. [potion of mutation]
  3024 | D:9      | Gained mutation: Your movements are slightly less encumbered by armour. (ER -2) [potion of mutation]
  3025 | D:9      | Gained mutation: You have large cloven feet. [potion of beneficial mutation]
  3048 | D:9      | Reached XP level 9. HP: 53/64 MP: 9/9
  3067 | D:9      | Found a hazy altar of Hepliaklqana.
  3074 | D:9      | Found a shimmering altar of Xom.
  3077 | D:9      | Noticed a spectral ugly thing
  3115 | D:9      | Reached skill level 9 in Polearms
  3183 | D:8      | Found a bloodstained altar of Trog.
  3183 | D:8      | Found a blossoming altar of Fedhas.
  3451 | D:8      | Got a spiked chain mail
  3465 | D:8      | Identified the +3 chain mail "Soqupagi" {rElec} (You found it on level 8 of the Dungeon)
  3468 | D:8      | Found Arghudec's Distillery.
  3477 | D:8      | Bought a potion of mutation for 35 gold pieces
  3477 | D:8      | Bought a potion of curing for 42 gold pieces
  3477 | D:8      | Bought a potion of curing for 42 gold pieces
  3477 | D:8      | Gained mutation: Your system is resistant to poisons. (rPois) [potion of mutation]
  3477 | D:8      | Gained mutation: You are clumsy. (Dex -2) [potion of mutation]
  3477 | D:8      | Gained mutation: You are partially covered in icy blue scales. (AC +1) [potion of mutation]
  3490 | D:8      | Reached skill level 5 in Fighting
  3636 | D:8      | Got an encrusted plate armour
  3977 | D:6      | Reached XP level 10. HP: 76/76 MP: 10/10
  4065 | D:6      | Found an opulent altar of Gozag.
  4103 | D:6      | Found an ancient bone altar of Kikubaaqudgha.
  4221 | D:7      | Reached skill level 10 in Polearms
  4481 | D:7      | Reached skill level 5 in Armour
  4682 | D:8      | Reached skill level 10 in Shields
  4818 | D:10     | Entered Level 10 of the Dungeon
  4848 | D:10     | Identified the +1 plate armour of Mumblety Peg {rElec rF+ rN+} (You found it on level 8 of the Dungeon)
  5389 | D:9      | Reached XP level 11. HP: 82/82 MP: 11/11
  5457 | D:9      | Found a roughly hewn altar of Beogh.
  5457 | D:9      | Found a staircase to the Orcish Mines.
  5970 | D:7      | Found Pioxtoqir's General Store.
  6123 | D:7      | Found a radiant altar of Vehumet.
  7134 | D:4      | Killed Natasha
  7235 | D:4      | Noticed Natasha
  7239 | D:4      | Killed Natasha
  7696 | D:1      | Lost mutation: You are weak. (Str -2) [potion of mutation]
  7696 | D:1      | Gained mutation: You are very clumsy. (Dex -4) [potion of mutation]
  8007 | D:2      | Found an iron altar of Okawaru.
  8007 | D:2      | Found a glowing golden altar of the Shining One.
  8009 | D:2      | Found a stormy altar of Qazlal.
  8013 | D:2      | Became a worshipper of Warmaster Okawaru
  8041 | D:4      | Noticed Natasha
  8047 | D:4      | Killed Natasha
  8152 | D:10     | Noticed a hill giant
  8265 | D:10     | Reached * piety under Okawaru
  8911 | D:10     | Reached ** piety under Okawaru
  8922 | D:10     | Found a staircase to the Lair.
  9306 | Lair:1   | Entered Level 1 of the Lair of Beasts
  9417 | Lair:1   | Reached *** piety under Okawaru
  9503 | Lair:1   | Found a dark tunnel.
  9516 | Volcano  | Entered a volcano
  9636 | Volcano  | Found a bloodstained altar of Trog.
  9636 | Volcano  | Noticed a mottled draconian
  9640 | Volcano  | Reached XP level 12. HP: 93/94 MP: 9/12
  9645 | Volcano  | Reached skill level 1 in Invocations
  9674 | Volcano  | Killed a mottled draconian
 10467 | Lair:1   | Reached **** piety under Okawaru
 11002 | Lair:2   | Found a staircase to the Snake Pit.
 11066 | Lair:2   | Reached skill level 11 in Polearms
 11066 | Lair:2   | Reached skill level 15 in Shields
 11305 | Lair:2   | Reached ***** piety under Okawaru
 11797 | Lair:2   | Noticed a fire dragon
 11804 | Lair:2   | You fall through a shaft!
 11851 | Lair:3   | Reached XP level 13. HP: 68/101 MP: 15/15
 11941 | Lair:3   | Noticed Gastronok
 11955 | Lair:3   | Killed Gastronok
 11955 | Lair:3   | Reached skill level 12 in Polearms
 12172 | Lair:4   | Found a labyrinth entrance.
 12198 | Lab      | Entered a labyrinth
 12630 | Lab      | Noticed a minotaur
 12636 | Lab      | Killed a minotaur
 12712 | Lair:4   | Reached skill level 10 in Armour
 12775 | Lair:4   | Received a gift from Okawaru
 12824 | Lair:4   | Noticed Josephine
 12837 | Lair:4   | Killed Josephine
 12837 | Lair:4   | Reached skill level 13 in Polearms
 12853 | Lair:4   | Learned a level 1 spell: Beastly Appendage
 13011 | Lair:4   | Found a staircase to the Swamp.
 13365 | Lair:5   | Noticed a five-headed hydra
 13379 | Lair:5   | Killed a three-headed hydra
 13612 | Lair:6   | Entered Level 6 of the Lair of Beasts
 13632 | Lair:6   | Received a gift from Okawaru
 13650 | Lair:6   | Reached skill level 14 in Polearms
 13662 | Lair:6   | Reached XP level 14. HP: 62/108 MP: 12/17
 13698 | Lair:6   | Reached ****** piety under Okawaru
 13737 | Lair:6   | Received a gift from Okawaru
 13801 | Lair:6   | Reached skill level 15 in Polearms
 13988 | Lair:6   | Found a staircase to the Slime Pits.
 14054 | Lair:6   | Reached skill level 10 in Fighting
 14100 | Lair:6   | Received a gift from Okawaru
 14689 | Orc:1    | Entered Level 1 of the Orcish Mines
 14758 | Orc:2    | Entered Level 2 of the Orcish Mines
 14765 | Orc:2    | Found a staircase to the Elven Halls.
 14828 | Orc:2    | Reached skill level 16 in Polearms
 14992 | Orc:2    | Found a roughly hewn altar of Beogh.
 14994 | Orc:2    | Noticed an orc warlord
 15064 | Orc:1    | Reached XP level 15. HP: 23/119 MP: 16/18
 15090 | Orc:1    | Received a gift from Okawaru
 15509 | Orc:2    | Killed an orc warlord
 15544 | Orc:2    | Found Senyus's Antique Weapon Boutique.
 15572 | Orc:2    | Found Wuekuizu's Book Boutique.
 15580 | Orc:2    | Bought a book of Necromancy for 330 gold pieces
 15585 | Orc:2    | Learned a level 3 spell: Regeneration
 15593 | Orc:2    | Found Pootowome's General Store.
 15609 | Orc:2    | Found Heuv Wuy's Antique Armour Boutique.
 15617 | Orc:2    | Bought a glowing cloak for 135 gold pieces
 15826 | Snake:1  | Entered Level 1 of the Snake Pit
 15865 | Snake:1  | Found Urotzefim's Jewellery Shoppe.
 15885 | Snake:1  | Bought an uncursed ring of resist corrosion for 260 gold pieces
 15909 | Snake:1  | Found Kudopluu's Gadget Emporium.
 16306 | Snake:1  | Shot with an arrow by a naga sharpshooter

Vault maps used:
D:1:      scummos_arrival_star
D:2:      kennysheep_slug_shrine, eat_drink_and_be_merry_uskayaw,
          nicolae_overflow_hidden_temple, minmay_tetromino_l4
D:4:      first_bread, uniq_pikel, uniq_natasha
D:5:      hangedman_decor_riveting
D:6:      grunt_gozag_statues, basic_altar, minmay_misc_feat_rugged
D:7:      vehumet_statue, serial_shops, kennysheep_mini_moat
D:8:      gammafunk_temple_overflow_elements, hangedman_pestilent_swarm,
          kennysheep_small_circle
D:9:      regret_index_temple_of_mockery, zin_academy, david_orc_5
D:10:     erik_lair_island, wad_floor_pattern_2
Temple:   jpeg_temple_alley_garden
Lair:1:   statuecave_lemuel, enter_volcano_4, worms_lemuel, grunt_megastairs_3
Lair:2:   dragon1_lemuel, minmay_snake_entry_six_corridors, grunt_megastairs_1
Lair:3:   uniq_gastronok
Lair:4:   minmay_swamp_entry_worms, lab_entry_generic, st_stairs_11,
          grunt_megastairs_4, serial_bayou_shore_b, serial_bayou_shore_a,
          uniq_josephine
Lair:5:   lemuel_fruit_fields, grunt_megastairs_2
Lair:6:   minmay_lair_end_frog_pond, minmay_slime_entry_pillars, basic_altar
Snake:1:  serial_shops, shop, shop, spider_trap
Orc:2:    grunt_orc_cross, basic_altar
Lab:      labyrinth_lava_lair, lab_statue
Volcano:  volcano_lake

Skill      XL: |  1  2  3  4  5  6  7  8  9 10 11 12 13 14 15 |
---------------+----------------------------------------------+-----
Shields        | 4 5 6 8 9 11 13 15 | 15.1
Polearms       | 3 4 6 7 8 9 10 11 14 16 | 16.0
Fighting       | 6 8 9 11 14 | 14.2
Armour         | 8 9 10 | 10.9
Invocations    | 3 4 |  4.2

Action                   |  1- 3 |  4- 6 |  7- 9 | 10-12 | 13-15 || total
-------------------------+-------+-------+-------+-------+-------++-------
Melee: Trident           |   103 |   140 |   368 |  1196 |    66 ||  1873
       Kick              |       |       |    34 |    82 |       ||   116
       Glaive            |       |       |       |    69 |   733 ||   802
Invok: Heroism           |       |       |       |     6 |    22 ||    28
       Finesse           |       |       |       |       |     4 ||     4
 Abil: Dig               |     1 |     4 |     7 |    15 |    32 ||    59
       Shaft Self        |       |       |     1 |     1 |       ||     2
       Evoke Flight      |       |       |       |     1 |     1 ||     2
Evoke: Wand              |       |       |       |       |     2 ||     2
  Use: Scroll            |     3 |     2 |     8 |     9 |     9 ||    31
       Potion            |     3 |     4 |     5 |     4 |    12 ||    28
  Eat: Chunk             |       |     3 |     6 |    10 |       ||    19
       Royal jelly       |       |       |     5 |     6 |     1 ||    12
       Beef jerky        |       |       |       |     2 |       ||     2
       Pizza             |       |       |       |     1 |       ||     1
       Meat ration       |       |       |       |       |     3 ||     3
Armor: Scale mail        |    44 |    69 |    75 |       |       ||   188
       Ring mail         |       |       |    19 |       |       ||    19
       Chain mail        |       |       |    20 |   250 |       ||   270
       Plate armour      |       |       |       |   191 |   175 ||   366
Dodge: Dodged            |    29 |    66 |   121 |   251 |   119 ||   586
Block: Shield            |    47 |   101 |   155 |   610 |   360 ||  1273
